 Dungeon Crawl Stone Soup version 0.30-a0-331-g8ab09dc110 (webtiles) character file.

Game seed: 12929340360220615075

122528 Maxmaps the Slicer (level 16, -3/120 HPs)
             Began as a Demonspawn Monk on Oct 29, 2022.
             Was the Champion of Cheibriados.
             Slain by a shambling mangrove (25 damage)
             ... on level 4 of the Swamp.
             The game lasted 01:05:15 (26728 turns).

Maxmaps the Slicer (Demonspawn Monk)               Turns: 26728, Time: 01:05:16

Health: -3/120     AC: 17    Str: 28    XL:     16   Next: 34%
Magic:  0/28       EV: 13    Int: 38    God:    Cheibriados [******]
Gold:   1597       SH: 14    Dex: 34    Spells: 22/31 levels left

rFire   + + .      SeeInvis .    i - +10 rapier of Subterfuge {distort, rF++ rC+ rCorr Dex+3}
rCold   + + +      Faith    .    q - +0 kite shield
rNeg    . . .      Spirit   +    s - +2 chain mail {rC+}
rPois   +          Reflect  .    S - +0 helmet {Int+3}
rElec   .          Harm     .    p - +0 cloak "Xofooq" {rPois Int+2}
rCorr   +          Rampage  .    (no gloves)
Will    +....                    (boots unavailable)
Stlth   +.........               M - amulet of guardian spirit
HPRegen 0.40/turn                m - ring of protection from cold
MPRegen 0.21/turn                A - ring of protection from cold

@: lethally poisoned (-3 -> -4), about to teleport, grasped by roots,
constricted, very slow
A: claws 2, hooves 3, demonic guardian 3, powered by death 1, weakness stinger 1
a: Renounce Religion, Bend Time, Temporal Distortion, Slouch, Step From Time


You were on level 4 of the Swamp.
You worshipped Cheibriados.
Cheibriados was exalted by your worship.
You visited 5 branches of the dungeon, and saw 23 of its levels.
You also visited: Bailey and Ice Cave.

You collected 1851 gold pieces.
You spent 254 gold pieces at shops.

Inventory:

Hand Weapons
 i - the +10 rapier of Subterfuge (weapon) {distort, rF++ rC+ rCorr Dex+3}
   (You took it off a kobold brigand on level 5 of the Dungeon)

   It warps and distorts space around it, and may blink, banish, or inflict
   extra damage upon those it strikes.
   Unwielding it can cause banishment or high damage.
   Dex:       It affects your dexterity (+3).
   rF:        It greatly protects you from fire.
   rC:        It protects you from cold.
   rCorr:     It protects you from acid and corrosion.
Missiles
 v - 2 throwing nets (quivered)
Armour
 p - the +0 cloak "Xofooq" (worn) {rPois Int+2}
   (You bought it in a shop on level 4 of the Dungeon)

   Int:       It affects your intelligence (+2).
   rPois:     It protects you from poison.
 q - a +0 kite shield (worn)
 s - a +2 chain mail of cold resistance (worn)
 S - a +0 helmet of intelligence (worn)
Jewellery
 a - a +6 ring of intelligence
 m - a ring of protection from cold (left claw)
 A - a ring of protection from cold (right claw)
 E - a ring of poison resistance
 J - a ring of protection from fire
 M - an amulet of guardian spirit (around neck)
 R - a ring of protection from fire
Wands
 e - a wand of mindburst (17)
 g - a wand of iceblast (15)
 y - a wand of flame (32)
 z - a wand of acid (30)
 Q - a wand of paralysis (23)
Scrolls
 b - 12 scrolls of teleportation
 l - 7 scrolls of noise
 o - 8 scrolls of poison
 r - a scroll of magic mapping {unknown}
 u - 3 scrolls of butterflies
 x - a scroll of enchant armour
 D - a scroll of silence
 G - 2 scrolls of amnesia
 N - 2 scrolls of brand weapon
 V - 5 scrolls of identify
Potions
 c - 5 potions of brilliance
 d - a potion of berserk rage
 f - 5 potions of attraction
 j - 3 potions of mutation
 n - 3 potions of invisibility
 t - 7 potions of resistance
 w - 5 potions of might
 B - 4 potions of lignification
 C - 5 potions of flight
 I - 5 potions of cancellation
Miscellaneous
 h - a tin of tremorstones (2/2)


   Skills:
 - Level 9.4 Fighting
 - Level 14.6 Short Blades
 - Level 5.0 Polearms
 - Level 12.3 Armour
 - Level 8.3 Dodging
 - Level 5.0 Stealth
 + Level 6.6 Shields
 - Level 8.1 Unarmed Combat
 - Level 8.3 Spellcasting
 - Level 10.0 Invocations
 - Level 6.1 Evocations


You had 22 spell levels left.
You knew the following spells:

 Your Spells              Type           Power      Damage    Failure   Level
a - Lehudib's Crystal Sp  Conj/Erth      7%         10d3      100%        8
b - Apportation           Tloc           30%        N/A       24%         1

Your spell library contained the following spells:

 Spells                   Type           Power      Damage    Failure   Level
 Kiss of Death            Conj/Necr      60%        2d10      24%         1
 Necrotise                Necr           60%        1d7       24%         1
 Shock                    Conj/Air       60%        1d6       24%         1
 Summon Small Mammal      Summ           60%        N/A       24%         1
 Scorch                   Fire           30%        2d6       36%         2
 Sublimation of Blood     Necr           15%        N/A       36%         2
 Wereblood                Tmut           15%        N/A       36%         2
 Confusing Touch          Hex            15%        N/A       58%         3
 Dazzling Flash           Conj/Hex       30%        N/A       58%         3
 Frozen Ramparts          Ice            30%        1d5       58%         3
 Hailstorm                Conj/Ice       15%        3d5       58%         3
 Ignite Poison            Fire/Tmut/Pois 15%        N/A       58%         3
 Inner Flame              Hex/Fire       15%        N/A       58%         3
 Kindle Blastsparks       Fire/Tloc/Air  30%        2d12      58%         3
 Swiftness                Air            15%        N/A       58%         3
 Airstrike                Air            7%         2d(2-18)  94%         4
 Animate Armour           Summ/Erth      30%        N/A       94%         4
 Cause Fear               Hex            7%         N/A       94%         4
 Dispel Undead            Necr           15%        3d10      94%         4
 Flame Wave               Conj/Fire      15%        2d7       94%         4
 Ice Form                 Ice/Tmut       15%        N/A       94%         4
 Olgreb's Toxic Radiance  Pois           15%        N/A       94%         4
 Passage of Golubria      Tloc           15%        N/A       94%         4
 Summon Ice Beast         Ice/Summ       15%        N/A       94%         4
 Summon Lightning Spire   Summ/Air       15%        N/A       94%         4
 Agony                    Necr           15%        N/A       100%        5
 Blade Hands              Tmut           7%         N/A       100%        5
 Freezing Cloud           Conj/Ice/Air   7%         6-21      100%        5
 Lightning Bolt           Conj/Air       7%         1d20      100%        5
 Silence                  Hex/Air        7%         N/A       100%        5
 Iron Shot                Conj/Erth      7%         9d2       100%        6
 Simulacrum               Ice/Necr       7%         N/A       100%        6
 Summon Cactus Giant      Summ           7%         N/A       100%        6
 Ozocubu's Refrigeration  Ice            7%         4d9       100%        7
 Summon Hydra             Summ           7%         N/A       100%        7
 Discord                  Hex            7%         N/A       100%        8
 Ignition                 Fire           7%         3d5       100%        8
 Polar Vortex             Ice            7%         N/A       100%        9


Dungeon Overview and Level Annotations

Branches:
Dungeon (11/15)            Temple (1/1) D:7            Lair (5/5) D:11
  Swamp (4/4) Lair:2       Spider (0/4) Lair:2        Slime (0/5) Lair:4
    Orc (2/2) D:9             Elf (0/3) Orc:2        Bailey (visited)
  IceCv (visited)

Altars:
Ashenzari
Cheibriados
Dithmenos
Fedhas
Gozag
Hepliaklqana
Kikubaaqudgha
Makhleb
Nemelex Xobeh
Okawaru
Qazlal
Ru
Sif Muna
Trog
Uskayaw
Vehumet
Wu Jian
Xom
Yredelemnul
Lugonu

Shops:
D:4 *(!*[   Orc:1 ?   Orc:2 [?=[

Portals:
Abyss: D:5 Lair:5

Annotations:
Abyss:1 Darkkill's ghost, journeyman GnHu


Innate Abilities, Weirdness & Mutations

You have very sharp fingernails.
You have hooves in place of feet.
A powerful demonic guardian rushes to your aid.
You regenerate a little health from kills.
You have a small tail.


Message History

An alligator, an eleionoma, a swamp drake, a shambling mangrove and a spriggan rider come into view.
Found a scroll of vulnerability, a robe and 5 stones.
Found a stone staircase leading up.
The eleionoma shouts!
The swamp drake roars!
The spriggan rider shouts!
The eleionoma flows through the trees.
The alligator puts on a burst of speed!
The foxfire moves out of view. x2
As you read the scroll of teleportation, it crumbles to dust.
You feel strangely unstable. The eleionoma hits you.
* * * LOW HITPOINT WARNING * * *
A swamp worm comes into view.
You feel better.
The spriggan rider throws a stone.
You block the stone. You block the eleionoma's attack.
Roots burst forth from the earth!
The grasping roots grab you! The grasping roots constrict you.
Your unstable footing causes you to fumble your attack.
The eleionoma hits you but does no damage.
The spriggan rider throws a stone.
The stone hits you!
* * * LOW HITPOINT WARNING * * *
An eight-headed hydra comes into view.
The grasping roots constrict you.
* * * LOW HITPOINT WARNING * * *
Unknown command.
Your unstable footing causes you to fumble your attack.
The eight-headed hydra roars!
The swamp drake breathes poison at you.
The noxious blast engulfs you but does no damage.
You are poisoned.
You resist.
The eleionoma is engulfed in noxious fumes.
The eleionoma hits you but does no damage.
You hit the eleionoma but do no damage.
Space warps around the eleionoma.
The eleionoma is lightly wounded.
You feel sick.
The spriggan rider throws a stone.
You block the stone.
The alligator is engulfed in noxious fumes.
The alligator appears confused.
The alligator bites you but does no damage.
The alligator tail-slaps you but does no damage.
The alligator bites itself!!
The alligator tail-slaps itself!
The shambling mangrove hits you!!
You die...

♣ .. ♣♣ .~~ ♣
♣♣♣.♣♣♣ .§~~
..~♣(....♣..♣.<
.~~..~○○R....~♣
.~~.~○~@t§..♣
~.~.~§○f○○~?~.[
.♣~~~~~○~...D§.
~.♣.i~~~§~k~~~~
~ ♣w~~~§~~§..~~
...~~~~~.♣♣♣~♣
§.~~~~~~~~♣ .
~~~~~~~~~~.


You could see a shambling mangrove, an eleionoma, an alligator (swift,
confused), an eight-headed hydra, a spriggan rider, a swamp worm and a swamp
drake (catching breath).

Vanquished Creatures
  3 ghouls (Swamp:1)
  2 orc warlords
  An ettin (Orc:2)
  The ghost of CertainDeath the Protected, a journeyman AtWr of Gozag (D:10)
  5 hydras
  2 ogre magi (Orc:2)
  2 ghost crabs (Swamp:1)
  A catoblepas (Lair:5)
  5 two-headed ogres
  2 boulder beetles
  7 alligators
  A dancing weapon (D:7)
  A two-headed ogre (shapeshifter) (Lair:5)
  13 death yaks
  The ghost of p00ps00p the Trooper, a novice DsFi of Gozag (D:8)
  2 orc high priests
  The ghost of hikkokomori the Summoner, a novice DgSu (D:7)
  An iron troll (Orc:2)
  3 goliath frogs
  3 spriggan druids
  9 bog bodies
  3 swamp dragons
  A deep troll (Orc:2)
  6 spectral spriggans (Swamp:1)
  A will-o-the-wisp (Swamp:3)
  2 orc sorcerers (Orc:1)
  3 cyclopes
  2 ugly things
  10 elephants
  A smoke demon (Lair:5)
  2 black mambas
  10 cane toads
  An ice statue (IceCv)
  Maggie (D:7)
  A gargoyle (D:11)
  A kobold demonologist (D:10)
  An unseen horror (D:10)
  8 rime drakes
  9 komodo dragons
  A freezing wraith (Swamp:1)
  A bloated husk (Swamp:1)
  An ancient zyme (Lair:5)
  6 hornets
  9 polar bears
  10 trolls
  2 tyrant leeches
  A polar bear (shapeshifter) (Lair:5)
  26 blink frogs
  4 dream sheep (Lair:5)
  2 slime creatures (D:11)
  5 spriggans
  Eustachio (D:6)
  Sigmund (D:2)
  3 wyverns
  A ynoxinul (Lair:5)
  42 yaks
  5 basilisks
  A redback (shapeshifter) (Lair:5)
  4 vampire mosquitoes
  3 redbacks (Lair:2)
  9 swamp worms
  2 wargs (Orc:1)
  2 chaos spawn (Lair:5)
  An acid dragon (D:9)
  11 water moccasins
  2 large abominations (Lair:5)
  3 ice beasts
  2 sky beasts
  29 orc warriors
  3 black bears
  4 swamp drakes
  22 wolves
  24 ogres
  A centaur (D:8)
  3 kobold brigands
  Blork the orc (Orc:2)
  10 bullfrogs
  4 scorpions
  10 wights
  7 small abominations (Lair:5)
  16 killer bees
  5 howler monkeys
  3 hounds
  2 jellies
  13 orc priests
  3 gnoll boudas
  An iguana (D:5)
  19 orc wizards
  Natasha (twice) (D:2)
  4 adders
  12 gnolls
  A shadow imp (D:8)
  A worm (D:2)
  3 dart slugs
  63 orcs
  8 ball pythons
  4 bats
  8 endoplasms
  4 giant cockroaches
  12 goblins
  14 hobgoblins
  27 kobolds
  3 quokkas
  2 frilled lizards
  9 rats
647 creatures vanquished.

Vanquished Creatures (collateral kills)
  A frost giant (IceCv)
  A shambling mangrove (Swamp:1)
  A ghost crab (Swamp:1)
  3 two-headed ogres
  2 thrashing horrors (Lair:5)
  A swamp dragon (Swamp:4)
  An ugly thing (Lair:5)
  A will-o-the-wisp (Swamp:4)
  An elephant (Lair:2)
  A komodo dragon (Lair:5)
  A polar bear (Lair:3)
  3 trolls (Orc:2)
  3 tyrant leeches
  2 hornets (Swamp:2)
  A blink frog (Lair:5)
  2 spriggans (Swamp:2)
  6 yaks
  A chaos spawn (Lair:5)
  3 orc warriors
  An ogre (Orc:2)
  A kobold brigand (D:5)
  A small abomination (Lair:5)
  A gnoll sergeant (Orc:2)
  A gnoll bouda (D:6)
  2 orc priests
  Natasha (D:2)
  Terence (D:2)
  3 gnolls
  3 orcs
  An endoplasm (D:2)
  A goblin (Bailey)
  A hobgoblin (Bailey)
  2 kobolds (Bailey)
55 creatures vanquished.

Vanquished Creatures (others)
  2 bloated husks (Swamp:1)
  An orc wizard (D:6)
  13 foxfires
  48 fungi
  114 plants
178 creatures vanquished.

Grand Total: 880 creatures vanquished

Notes
Turn   | Place    | Note
-------+----------+-------------------------------------------
     0 | D:1      | Maxmaps the Demonspawn Monk began the quest for the Orb.
     0 | D:1      | Reached XP level 1. HP: 18/18 MP: 1/1
   179 | D:1      | Gained mutation: A weak demonic guardian rushes to your
                  | aid. [demonic ancestry]
   179 | D:1      | Reached XP level 2. HP: 24/24 MP: 2/2
   546 | D:1      | Discovered your monstrous ancestry.
   546 | D:1      | Gained mutation: You have large cloven feet. [demonic
                  | ancestry]
   546 | D:1      | Reached XP level 3. HP: 22/29 MP: 3/3
   804 | D:2      | Noticed Terence
   805 | D:2      | Noticed Natasha
   830 | D:2      | Killed Natasha
   834 | D:2      | HP: 1/29 [Terence/+0 falchion (6)]
   835 | D:2      | Killed Terence
   836 | D:2      | Gained mutation: You regenerate a little health from kills.
                  | [demonic ancestry]
   836 | D:2      | Reached XP level 4. HP: 2/35 MP: 4/4
  1086 | D:2      | Found a faded altar of an unknown god.
  1162 | D:2      | Noticed Sigmund
  1178 | D:2      | Killed Sigmund
  1179 | D:2      | Gained mutation: A demonic guardian rushes to your aid.
                  | [demonic ancestry]
  1179 | D:2      | Reached XP level 5. HP: 22/41 MP: 5/5
  1391 | D:2      | Noticed Natasha
  1408 | D:2      | Killed Natasha
  1409 | D:2      | Gained mutation: A powerful demonic guardian rushes to your
                  | aid. [demonic ancestry]
  1409 | D:2      | Reached XP level 6. HP: 14/47 MP: 6/6
  1435 | D:2      | Noticed Natasha
  1448 | D:2      | Killed Natasha
  2468 | D:3      | Found a large runed translucent door.
  2690 | D:3      | Found a large runed translucent door.
  2775 | D:3      | Found an ornate altar of the Wu Jian Council.
  3077 | D:3      | Found an ancient bone altar of Kikubaaqudgha.
  3080 | D:3      | Found a radiant altar of Vehumet.
  3171 | D:4      | Found Farodina's Neck Hole.
  3238 | D:4      | Found a sacrificial altar of Ru.
  3249 | D:4      | Found Baenel's Fire Supplies.
  3286 | D:4      | Reached skill level 1 in Polearms
  3425 | D:4      | Found Gaggiof's Armour Boutique.
  3426 | D:4      | Found Pupsi's Distillery.
  3571 | D:4      | Found Foatt's Antique Weapon Boutique.
  3887 | D:5      | Entered Level 5 of the Dungeon
  3917 | D:5      | Found a large runed translucent door.
  3918 | D:5      | Found a large runed translucent door.
  3972 | D:5      | Gained mutation: You have hoof-like feet. [demonic
                  | ancestry]
  3972 | D:5      | Reached XP level 7. HP: 44/54 MP: 7/7
  4288 | D:5      | Found a sparkling altar of Nemelex Xobeh.
  4470 | D:5      | Found a one-way gate to the infinite horrors of the Abyss.
  4470 | D:5      | Identified the +10 rapier of Subterfuge {distort, rF++ rC+
                  | rCorr Dex+3}
  4594 | D:5      | Found a corrupted altar of Lugonu.
  4820 | D:4      | Bought the +0 cloak "Xofooq" {rPois Int+2} for 218 gold
                  | pieces
  4921 | D:6      | Reached skill level 5 in Polearms
  4941 | D:5      | Reached skill level 1 in Short Blades
  5040 | D:6      | Reached skill level 2 in Short Blades
  5041 | D:6      | Noticed Eustachio
  5046 | D:6      | Reached XP level 8. HP: 60/60 MP: 8/8
  5053 | D:6      | Killed Eustachio
  5054 | D:6      | Reached skill level 3 in Short Blades
  5099 | D:6      | Reached skill level 4 in Short Blades
  5200 | D:6      | Reached skill level 5 in Short Blades
  5466 | D:6      | Reached skill level 6 in Short Blades
  5629 | D:6      | Found a shadowy altar of Dithmenos.
  5856 | D:7      | Noticed a komodo dragon
  5863 | D:7      | Killed a komodo dragon
  5864 | D:7      | Reached skill level 7 in Short Blades
  5864 | D:7      | Gained mutation: You have sharp fingernails. [demonic
                  | ancestry]
  5864 | D:7      | Reached XP level 9. HP: 36/65 MP: 9/9
  6019 | D:7      | Found a runed translucent door.
  6020 | D:7      | Found a shimmering altar of Xom.
  6020 | D:7      | Noticed hikkokomori's ghost (novice DgSu)
  6020 | D:7      | Noticed a +2 spear of chaos
  6163 | D:7      | Found a staircase to the Ecumenical Temple.
  6164 | D:7      | Noticed Maggie
  6177 | D:7      | Killed Maggie
  6178 | D:7      | Reached skill level 8 in Short Blades
  6552 | D:7      | Found a flagged portal.
  6578 | Bailey   | Entered a bailey
  6589 | Bailey   | Noticed an orc warlord
  6684 | Bailey   | Found a runed translucent gate.
  6687 | Bailey   | Found a runed translucent gate.
  6688 | Bailey   | Found a runed translucent gate.
  6877 | Bailey   | Killed an orc warlord
  6878 | Bailey   | Reached skill level 5 in Stealth
  6878 | Bailey   | Gained mutation: You have very sharp fingernails. [demonic
                  | ancestry]
  6878 | Bailey   | Reached XP level 10. HP: 36/72 MP: 10/10
  7040 | Bailey   | Identified the +7 short sword "Heesogg" {flame, rN++ Dex-2}
  7051 | Bailey   | Gained mutation: You have hooves in place of feet. [demonic
                  | ancestry]
  7051 | Bailey   | Reached XP level 11. HP: 77/77 MP: 11/11
  7083 | D:7      | Found a hazy altar of Hepliaklqana.
  7418 | D:8      | Noticed a two-headed ogre
  7443 | D:8      | Killed a two-headed ogre
  7602 | D:8      | Noticed p00ps00p's ghost (novice DsFi)
  7612 | D:8      | Found a transporter.
  7674 | D:8      | Found a transporter.
  7823 | D:7      | Reached skill level 5 in Dodging
  8201 | D:8      | Found a basalt altar of Yredelemnul.
  8207 | D:8      | Found a shimmering altar of Xom.
  8274 | Temple   | Entered the Ecumenical Temple
  8339 | Temple   | Became a worshipper of Cheibriados the Contemplative
  8339 | Temple   | Reached * piety under Cheibriados
  8339 | Temple   | Reached ** piety under Cheibriados
  8925 | D:9      | Found a staircase to the Orcish Mines.
  9074 | D:9      | Reached *** piety under Cheibriados
  9339 | D:9      | Found a burning altar of Makhleb.
  9813 | D:10     | Entered Level 10 of the Dungeon
  9925 | D:10     | Noticed a two-headed ogre
  9932 | D:10     | Killed a two-headed ogre
 10061 | D:10     | Found a large runed translucent door.
 10062 | D:10     | Found a large runed translucent door.
 10068 | D:10     | Noticed CertainDeath's ghost (journeyman AtWr)
 10607 | D:10     | Reached skill level 1 in Invocations
 10861 | D:10     | Reached **** piety under Cheibriados
 10864 | D:10     | Reached skill level 5 in Invocations
 10864 | D:10     | Gained mutation: You have a small tail. [demonic ancestry]
 10864 | D:10     | Reached XP level 12. HP: 68/83 MP: 11/15
 11090 | D:11     | Noticed a two-headed ogre
 11103 | D:11     | Noticed a boulder beetle
 11543 | D:7      | Killed hikkokomori's ghost
 11791 | D:8      | Killed p00ps00p's ghost
 11942 | D:10     | Killed CertainDeath's ghost
 11943 | D:10     | Reached skill level 10 in Invocations
 12104 | D:11     | Killed a two-headed ogre
 12194 | D:11     | Reached skill level 5 in Fighting
 12614 | D:11     | Found a staircase to the Lair.
 12766 | Lair:1   | Entered Level 1 of the Lair of Beasts
 12864 | Lair:1   | You fall into a shaft and drop 1 floor!
 13855 | Lair:2   | Reached skill level 1 in Spellcasting
 13858 | Lair:2   | Reached XP level 13. HP: 81/101 MP: 17/20
 13979 | Lair:2   | Identified the +7 war axe "Ysa Retoch" {drain, Drain rPois
                  | rF+ Int+3}
 14043 | Lair:2   | Found a hole to the Spider Nest.
 14075 | Lair:2   | Reached skill level 5 in Spellcasting
 14133 | Lair:2   | Found a staircase to the Swamp.
 15361 | Lair:3   | Reached ***** piety under Cheibriados
 16496 | Lair:4   | Found a staircase to the Slime Pits.
 16528 | Lair:4   | Reached skill level 1 in Evocations
 17326 | Lair:5   | Entered Level 5 of the Lair of Beasts
 17446 | Lair:5   | Reached skill level 5 in Evocations
 18011 | Lair:5   | Reached XP level 14. HP: 108/108 MP: 26/26
 18389 | Lair:5   | Reached skill level 9 in Short Blades
 18992 | Lair:5   | Reached skill level 10 in Short Blades
 19108 | Lair:5   | Found a corrupted altar of Lugonu.
 19466 | Lair:5   | Reached skill level 11 in Short Blades
 19490 | Lair:5   | Reached ****** piety under Cheibriados
 20033 | Orc:1    | Entered Level 1 of the Orcish Mines
 20240 | Orc:1    | Found Jehosuz's Magic Scroll Shop.
 20256 | Orc:1    | Bought a scroll of teleportation for 36 gold pieces
 20320 | Orc:1    | You fall into a shaft and drop 1 floor!
 20320 | Orc:2    | Entered Level 2 of the Orcish Mines
 20320 | Orc:2    | Found Turo's Antique Armour Shoppe.
 20326 | Orc:2    | Reached skill level 12 in Short Blades
 20399 | Orc:2    | Reached skill level 13 in Short Blades
 20403 | Orc:2    | Reached XP level 15. HP: 114/114 MP: 13/27
 20403 | Orc:2    | Found Waitaa's Magic Scroll Emporium.
 20436 | Orc:2    | Found Tadal's Jewellery Boutique.
 20504 | Orc:2    | Found Xofi Qis's Armour Shoppe.
 20558 | Orc:2    | Noticed Blork the orc
 20569 | Orc:2    | Killed Blork the orc
 20573 | Orc:2    | Found a frozen archway.
 20590 | IceCv    | Entered an ice cave
 20691 | IceCv    | Reached skill level 14 in Short Blades
 21045 | IceCv    | Noticed a frost giant
 21085 | IceCv    | Killed a frost giant
 21357 | IceCv    | Learned a level 8 spell: Lehudib's Crystal Spear
 21753 | Orc:2    | Found a staircase to the Elven Halls.
 21916 | Orc:2    | Found a runed translucent door.
 21920 | Orc:2    | Noticed Darkkill's ghost (journeyman GnHu)
 22004 | Orc:2    | Banished Darkkill's ghost
 22189 | Orc:1    | Reached skill level 10 in Armour
 22750 | Swamp:1  | Entered Level 1 of the Swamp
 24329 | Swamp:1  | Reached XP level 16. HP: 115/120 MP: 26/28
 24772 | Swamp:2  | Reached skill level 1 in Shields
 25984 | Swamp:3  | Learned a level 1 spell: Apportation
 26092 | Swamp:3  | Reached skill level 5 in Shields
 26538 | Swamp:4  | Entered Level 4 of the Swamp
 26728 | Swamp:4  | Slain by a shambling mangrove

Illustrated notes

Levels and vault maps discovered:
D:1:      roderic_crop_circles_arrival_small, layout_basic
D:2:      layout_basic, hellmonk_ecumenical_altar_crossroads,
          serial_bayou_pond_c, minivault_19, small_statue_intersection,
          uniq_sigmund, uniq_natasha, uniq_terence
D:3:      layout_basic, jmf_multi_god_temple2,
          nicolae_wu_jian_immortal_techniques, serial_rivers,
          chequers_serial_rivers_large_b, chequers_serial_rivers_micro_d,
          chequers_serial_rivers_micro_b, chequers_serial_rivers_small_b
D:4:      layout_gridville, nicolae_ru_path_of_blood, nicolae_shop_fire_sale
          [nicolae_sub_dead_trees], nicolae_wooded_promenade,
          nicolae_shop_sticking_my_neck_out
D:5:      due_chaos_kobolds, layout_rooms, mainiacjoe_overflow_24_doors,
          kennysheep_cross_bottleneck
D:6:      layout_cave_pools, nicolae_dithmenos_through_a_glass_darkly,
          old_standard_altar, uniq_eustachio
D:7:      layout_loops_ring, mainiacjoe_overflow_concentric_impassable,
          minmay_temple_entry_glassed_door, ebering_ghost_xom, enter_bailey_5,
          uniq_maggie
D:8:      layout_cave_pods, minitemple, gammafunk_ghost_berserking_beasts
D:9:      layout_irregular_city, mainiacjoe_overflow_tiny_flanked, david_orc_2,
          minmay_crystal_water, chequers_avenue, dk_vineyard_1
D:10:     layout_roguey, ebering_ghost_disaster_area, nicolae_hexahallways,
          chequers_serial_rivers_micro_e, bh_walls_and_bars
D:11:     layout_rooms, david_lair_shrubbed
Temple:   zaba_magenta_temple
Lair:1:   layout_gridlike
Lair:2:   layout_layer_cave, skrybe_swamp_entry_bodies, spider_nest_entry_webs,
          serial_bayou_shore_b
Lair:3:   layout_layer_cave
Lair:4:   layout_regular_city, slime_entry_1, nicolae_volcano_entry_s_turn,
          grunt_megastairs_4
Lair:5:   hellmonk_lair_end_abyssal_woods, layout_regular_city,
          nicolae_lair_grazing_beasts [nicolae_sub_lair_graze_edge,
          nicolae_sub_lair_graze_edge, nicolae_sub_lair_graze_edge,
          nicolae_sub_lair_graze_edge]
Swamp:1:  nicolae_swamp_flooded_prison, layout_basic_swamp,
          evilmike_swamp_ruin_rubble_2, swamp_pool1, infiniplex_staircase_pool
Swamp:2:  layout_basic_swamp, evilmike_swamp_ruin_house_5,
          nicolae_swamp_little_tower
Swamp:3:  layout_basic_swamp, nicolae_swamp_feature_on_the_river_bank,
          swamp_pool1
Swamp:4:  swamp_basic_johnstein, layout_basic_swamp
Orc:1:    layout_caves, serial_shops, nicolae_shop_hallway_stairs
Orc:2:    st_orc_open, layout_diamond_mine, portal_ice_cave_entry_pillars_2,
          ebering_ghost_inner_flame, sword_in_stone

Skill      XL: |  1  2  3  4  5  6  7  8  9 10 11 12 13 14 15 16 |
---------------+-------------------------------------------------+-----
Unarmed Combat | 3 4 6 8 |  8.1
Fighting       | 4 9 |  9.4
Polearms       | 3 5 |  5.0
Short Blades   | 2 7 8 13 14 | 14.6
Stealth        | 5 |  5.0
Armour         | 9 12 | 12.3
Dodging        | 8 |  8.3
Invocations    | 5 10 | 10.0
Spellcasting   | 1 8 |  8.3
Evocations     | 6 |  6.1
Shields        | 6 |  6.6

Action                   |  1- 3 |  4- 6 |  7- 9 | 10-12 | 13-15 | 16-18 || total
-------------------------+-------+-------+-------+-------+-------+-------++-------
Melee: Unarmed           |   122 |   111 |       |       |       |       ||   233
       Punch             |     7 |     6 |     5 |    21 |    62 |       ||   101
       Kick              |     8 |    46 |    32 |   110 |   402 |    64 ||   662
       Halberd           |       |    63 |    34 |       |       |       ||    97
       Rapier            |       |       |   174 |   345 |   928 |   169 ||  1616
       Tailslap          |       |       |       |    19 |   181 |    31 ||   231
Invok: Slouch            |       |       |       |     3 |    10 |     2 ||    15
  Use: Potion            |     1 |     5 |     5 |     2 |     7 |     3 ||    23
       Scroll            |       |    10 |    10 |     8 |     4 |     2 ||    34
 Stab: Sleeping          |       |     2 |     3 |     9 |    13 |       ||    27
       Distracted        |       |       |     1 |     1 |     4 |       ||     6
       Held in net/web   |       |       |       |       |     2 |       ||     2
       Confused          |       |       |       |       |     1 |       ||     1
       Petrified         |       |       |       |       |     1 |       ||     1
       Fleeing           |       |       |       |       |     1 |       ||     1
Armor: Robe              |     4 |       |       |       |       |       ||     4
       Ring mail         |    21 |    59 |    39 |       |       |       ||   119
       Skin              |       |       |     3 |       |       |       ||     3
       Steam dragon scal |       |       |    16 |   152 |   138 |       ||   306
       Chain mail        |       |       |       |       |    96 |    50 ||   146
Dodge: Dodged            |    66 |    99 |   173 |   372 |   873 |   109 ||  1692
Block: Kite shield       |       |       |       |       |       |   112 ||   112

Table legend: (Time is in decaauts)
 A = Elapsed time spent in this place.
 B = Non-inter-level travel time spent in this place.
 C = Inter-level travel time spent in this place.
 D = Time resting spent in this place.
 E = Time spent auto-exploring this place.
 F = Levels seen in this place.
 G = Mean time per level.
                   A        B        C        D        E       F      G
               +--------+--------+--------+--------+--------+-----+--------+
         Total |  35271 |  32758 |   2513 |   5450 |  20486 |  25 | 1410.8 |
       Dungeon |  14751 |  13008 |   1743 |   2237 |   8256 |  11 | 1341.0 |
        Temple |     86 |     86 |      0 |      0 |      0 |   1 |   86.0 |
          Lair |  10555 |  10042 |    513 |   1464 |   6408 |   5 | 2111.0 |
         Swamp |   5750 |   5605 |    145 |   1357 |   3448 |   4 | 1437.5 |
  Orcish Mines |   2478 |   2369 |    109 |      0 |   1787 |   2 | 1239.0 |
        Bailey |    475 |    475 |      0 |     32 |    167 |   1 |  475.0 |
      Ice Cave |   1174 |   1174 |      0 |    359 |    419 |   1 | 1174.0 |
               +--------+--------+--------+--------+--------+-----+--------+

Top non-repeatable levels by time:
  Lair:5: 3144 daAuts
 Swamp:1: 2898 daAuts
    D:10: 2275 daAuts
  Lair:2: 2146 daAuts
  Lair:3: 1987 daAuts
  Lair:4: 1968 daAuts
     D:7: 1684 daAuts
    D:11: 1617 daAuts
 Swamp:2: 1606 daAuts
     D:8: 1605 daAuts
     D:2: 1519 daAuts
   Orc:2: 1502 daAuts
     D:9: 1414 daAuts
  Lair:1: 1308 daAuts
     D:5: 1285 daAuts
